 Dungeon Sprint DCSS version 0.28.0-53-g5a82cb258f (webtiles) character file.

Game seed: 3413677909887575226

2335 boopmooplesden the Severer (level 9, -1/145 HPs)
             Began as a Minotaur Berserker on July 9, 2022.
             Was a High Priest of Trog.
             Slain by a two-headed ogre
             ... wielding a +0 giant spiked club
              (23 damage)
             ... in the Dungeon (Sprint III: "The Ten Rune Challenge").
             The game lasted 00:01:57 (1301 turns).

boopmooplesden the Severer (Minotaur Berserker)     Turns: 1301, Time: 00:01:58

Health: -1/145     AC:  3    Str: 24    XL:     9   Next: 19%
Magic:  8/8        EV: 15    Int:  4    God:    Trog [*****.]
Gold:   20         SH:  0    Dex: 12    Spells: 8/8 levels left

rFire   . . .      SeeInvis .   r - +0 long sword (holy)
rCold   . . .      Faith    .   (no shield)
rNeg    . . .      Spirit   .   b - +0 animal skin
rPois   .          Reflect  .   (helmet restricted)
rElec   .          Harm     .   q - +0 cloak
rCorr   .          Rampage  .   (no gloves)
Will    .....      NoTele   +   (no boots)
Stlth   ..........              (no amulet)
HPRegen 0.34/turn               (no ring)
MPRegen 0.11/turn               (no ring)

@: berserking (expiring), very quick
A: horns 2, retaliatory headbutt
a: Renounce Religion, Berserk, Trog's Hand, Brothers in Arms


You were in the Dungeon.
You worshipped Trog.
Trog was extremely pleased with you.
You visited 1 branch You collected 20 gold pieces.

Inventory:

Hand Weapons
 a - a +0 hand axe
 r - a +0 long sword of holy wrath (weapon)
Armour
 b - a +0 animal skin (worn)
 q - a +0 cloak (worn)
Wands
 p - a wand of paralysis (10)
Scrolls
 h - a scroll of blinking
 i - a scroll of immolation {unknown}
 j - a scroll of identify {unknown}
 m - a scroll of holy word {unknown}
 n - a scroll of vulnerability {unknown}
Potions
 c - 2 potions of curing
 d - 3 potions of heal wounds
 e - a potion of haste
 f - 2 potions of magic
 g - a potion of berserk rage
 k - a potion of attraction {unknown}
 l - a potion of brilliance {unknown}
 o - 4 potions of mutation
Miscellaneous
 s - a phial of floods


   Skills:
 + Level 15.1 Fighting
 + Level 5.1 Long Blades
 + Level 16.0 Axes
 + Level 7.2 Armour
 + Level 8.7 Dodging
 + Level 0.8 Stealth


You had 8 spell levels left.
You didn't know any spells.
Your spell library was empty.

Dungeon Overview and Level Annotations

Branches:
Dungeon (1/1)

Altars:
Cheibriados
Dithmenos
Elyvilon
Fedhas
Gozag
Hepliaklqana
Kikubaaqudgha
Makhleb
Nemelex Xobeh
Okawaru
Qazlal
Ru
Sif Muna
Trog
Uskayaw
Vehumet
Wu Jian
Xom
Yredelemnul
Zin
The Shining One
Beogh
Jiyva
Lugonu


Innate Abilities, Weirdness & Mutations

You have a pair of horns on your head.
You reflexively headbutt those who attack you in melee.


Message History

You slash Erolcha!
Erolcha is lightly wounded.
Erolcha mumbles some strange words.
Erolcha flickers and vanishes!
Deactivating autopickup; reactivate with Ctrl-A.
You slash something! Something hits you.
You slice something!! Your headbutt misses something.
Something barely misses you.
You slash something! Something hits you!
You miss something. Something hits you!
You barely miss something. You headbutt something. Something hits you!!
You barely miss something. You headbutt something! Trog accepts your kill.
Trog appreciates your killing of a magic user.
Reactivating autopickup.
You feel a bit more experienced.
Your Fighting skill increases to level 15!
Your Long Blades skill gained 2 levels and is now at level 5!
Your Axes skill increases to level 16!
Your Dodging skill increases to level 8!
You have reached level 9!
Your experience leads to an increase in your attributes!
Increase (S)trength, (I)ntelligence, or (D)exterity?
You feel stronger. x2
You slash the two-headed ogre!
Your headbutt misses the two-headed ogre.
The two-headed ogre is lightly wounded.
The two-headed ogre closely misses you.
The two-headed ogre hits you with a +0 giant club!
You barely miss the two-headed ogre.
The two-headed ogre is lightly wounded.
You barely miss the two-headed ogre.
The two-headed ogre is lightly wounded.
The two-headed ogre hits you with a +0 giant spiked club!!!
* * * LOW HITPOINT WARNING * * *
The two-headed ogre barely misses you.
You slash the two-headed ogre!
The two-headed ogre is moderately wounded.
The two-headed ogre hits you with a +0 giant spiked club!!
You die...

__# ._# )## ..#
..# #'#
..#+##############
..#....#.#.#.....#
..##.#..#.##.###@#
..'##.#.#.##)#.O##
..#.).#..#..##..
▓▓▓▓▓▓▓▓▓▓▓▓▓▓▓▓


You could see a two-headed ogre.

Vanquished Creatures
  Erolcha (D)
  A deep elf pyromancer (D)
  A shadow (D)
  A spatial vortex (D)
  A necrophage (D)
  4 two-headed ogres (D)
  A water elemental (D)
  A jelly (D)
  A wizard (D)
  A necromancer (D)
  A kobold demonologist (D)
  3 humans (D)
  A wolf (D)
  An endoplasm (D)
  3 rats (D)
22 creatures vanquished.

Notes
Turn   | Place    | Note
-------+----------+-------------------------------------------
     0 | D        | boopmooplesden the Minotaur Berserker began the quest for
                  | the Orb.
     0 | D        | Reached XP level 1. HP: 19/19 MP: 0/0
    11 | D        | Reached skill level 4 in Axes
    27 | D        | Reached ** piety under Trog
    42 | D        | Noticed a wolf
    47 | D        | Killed a wolf
    48 | D        | Reached skill level 5 in Fighting
    48 | D        | Reached skill level 5 in Axes
    48 | D        | Reached XP level 2. HP: 26/29 MP: 1/1
    57 | D        | Reached skill level 6 in Axes
    57 | D        | Reached XP level 3. HP: 21/37 MP: 2/2
   235 | D        | Noticed a water elemental
   240 | D        | Killed a water elemental
   240 | D        | Reached *** piety under Trog
   241 | D        | Reached skill level 7 in Axes
   241 | D        | Reached XP level 4. HP: 45/47 MP: 3/3
   381 | D        | Found a basalt altar of Yredelemnul.
   381 | D        | Found a shadowy altar of Dithmenos.
   381 | D        | Found a sacrificial altar of Ru.
   381 | D        | Noticed a necrophage
   386 | D        | Reached skill level 8 in Axes
   388 | D        | Killed a necrophage
   389 | D        | Reached skill level 9 in Axes
   389 | D        | Reached XP level 5. HP: 57/57 MP: 4/4
   591 | D        | Found a hide-covered altar of Uskayaw.
   591 | D        | Found an iron altar of Okawaru.
   593 | D        | Found a bloodstained altar of Trog.
   593 | D        | Found an ornate altar of the Wu Jian Council.
   593 | D        | Noticed a human
   593 | D        | Noticed a human
   596 | D        | Killed a human
   597 | D        | Reached skill level 10 in Fighting
   597 | D        | Reached skill level 11 in Axes
   597 | D        | Reached skill level 5 in Armour
   597 | D        | Reached skill level 5 in Dodging
   597 | D        | Reached XP level 6. HP: 67/67 MP: 5/5
   601 | D        | Killed a human
   601 | D        | Reached **** piety under Trog
   602 | D        | Reached skill level 12 in Axes
   651 | D        | Found a radiant altar of Vehumet.
   652 | D        | Found a shimmering blue altar of Sif Muna.
   652 | D        | Found an ancient bone altar of Kikubaaqudgha.
   656 | D        | Noticed a red devil
   657 | D        | Reached XP level 7. HP: 75/75 MP: 6/6
   698 | D        | Found a glowing silver altar of Zin.
   700 | D        | Found a glowing golden altar of the Shining One.
   700 | D        | Found a white marble altar of Elyvilon.
   700 | D        | Noticed a deep elf pyromancer
   712 | D        | Killed a deep elf pyromancer
   712 | D        | Reached ***** piety under Trog
   713 | D        | Reached skill level 13 in Axes
   754 | D        | Noticed a shadow
   757 | D        | Killed a shadow
   758 | D        | Reached skill level 14 in Axes
   758 | D        | Reached XP level 8. HP: 79/86 MP: 7/7
   871 | D        | Found a blossoming altar of Fedhas.
   871 | D        | Found a stormy altar of Qazlal.
   872 | D        | Found a snail-covered altar of Cheibriados.
   872 | D        | Found a burning altar of Makhleb.
   872 | D        | Found a hazy altar of Hepliaklqana.
   872 | D        | Found a shimmering altar of Xom.
   872 | D        | Found an opulent altar of Gozag.
   872 | D        | Found a sparkling altar of Nemelex Xobeh.
   872 | D        | Found a corrupted altar of Lugonu.
   872 | D        | Found a viscous altar of Jiyva.
   884 | D        | Reached skill level 1 in Long Blades
  1239 | D        | Noticed a two-headed ogre
  1244 | D        | Killed a two-headed ogre
  1245 | D        | Reached skill level 15 in Axes
  1288 | D        | Noticed a two-headed ogre
  1288 | D        | Noticed Erolcha
  1297 | D        | Killed Erolcha
  1298 | D        | Reached skill level 15 in Fighting
  1298 | D        | Reached skill level 5 in Long Blades
  1298 | D        | Reached skill level 16 in Axes
  1298 | D        | Reached XP level 9. HP: 73/97 MP: 8/8
  1301 | D        | Slain by a two-headed ogre

Illustrated notes

Levels and vault maps discovered:
D:        dungeon_sprint_mu [sprint_mu_entry_cave, sprint_mu_temple_rooms,
          sprint_mu_d1_spiders, sprint_mu_d2_genie, sprint_mu_d3_branching,
          sprint_mu_orc_legion, sprint_mu_elf_gauntlet, sprint_mu_hive_nellie,
          sprint_mu_lair_fedhas, sprint_mu_vaults_butterflies,
          sprint_mu_slime_circle, sprint_mu_swamp_cave, sprint_mu_shoals_kraken,
          sprint_mu_blade_basic, sprint_mu_crypt_chambers,
          sprint_mu_tomb_spiral, sprint_mu_vestibule_basic,
          sprint_mu_gehenna_hellfire, sprint_mu_dis_giant,
          sprint_mu_tartarus_statrot, sprint_mu_cocytus_islands, sprint_mu_zot1]

Skill      XL: |  1  2  3  4  5  6  7  8 |
---------------+-------------------------+-----
Fighting       | 5 6 7 9 10 11 13 15 | 15.1
Axes           | 5 6 7 9 11 12 14 16 | 16.0
Armour         | 3 4 5 6 7 |  7.2
Dodging        | 3 4 5 7 8 |  8.7
Long Blades    | 5 |  5.1
Stealth        | |  0.8

Action                   |  1- 3 |  4- 6 |  7- 9 || total
-------------------------+-------+-------+-------++-------
Melee: Hand axe          |    23 |    17 |     8 ||    48
       Headbutt          |     4 |     3 |    13 ||    20
       Long sword        |       |       |    39 ||    39
Invok: Berserk           |     2 |     3 |     4 ||     9
Armor: Animal skin       |     1 |       |     1 ||     2
Dodge: Dodged            |     7 |     9 |    23 ||    39
